Sewer Rats vs Griffins

Created - December 7, 2018 at 19:06

Goals
1 2 3 T
Sewer Rats 1 3 1 5
Griffins 0 1 1 2
Shots
1 2 3 T
Sewer Rats 10 10 9 29
Griffins 4 13 20 37

1st period

1. Sewer Rats , Nick Cousins 5 (Steven Kampfer 14) at 17:55

Penalties :
Robert Dome (Cap) for Tripping (Minor) at 3:05, J.T. Brown (Cap) for Slashing (Minor) at 7:49

2nd period

2. Sewer Rats , Ville Leino 21 (Mark Mancari 19, Kyle Turris 6) at 2:07 (PP)
3. Griffins , Robert Dome 5 (Petr Pohl 26, Jan Mursak 2) at 16:01
4. Sewer Rats , Dmitrij Jaskin 8 (Nick Cousins 7, Ryan Murphy 8) at 17:18
5. Sewer Rats , William Karlsson 7 (Martin Frk 8, Connor Carrick 2) at 19:55

Penalties :
Anton Slepyshev (Cap) for Tripping (Minor) at 1:52, Joel Edmundson (Tol) for High sticking (Minor) at 6:10

3rd period

6. Griffins , Nicholas Baptiste 2 (Ian McCoshen 1, Vladislav Namestnikov 2) at 13:18
7. Sewer Rats , Mark Mancari 16 (Ville Leino 27, Kyle Turris 7) at 18:08 (PP)

Penalties :
Ville Leino (Tol) for Holding (Minor) at 2:58, Joel Edmundson (Tol) for Holding (Minor) at 6:27, Mirco Mueller (Cap) for Interference (Minor) at 17:53

Goalie Stats

Marek Mazanek (Tol), 35 saves from 37 shots - (0.946), W, 16-4-1, 60:00 minutes
Jean-Francois Berube (Cap), 24 saves from 29 shots - (0.828), L, 8-6-3, 60:00 minutes

Players Stats for Sewer Rats

Player Name              G  A  P  +/- PIM S  H  SB GA TA FO     MP     PP MP  PK MP  
------------------------------------------------------------------------------------
Anthony Duclair          0  0  0   0  0   0  0  0  0  1  0/0    12:31   0:00   0:00 
Connor Carrick           0  1  1   0  0   1  0  3  0  0  0/0    15:47   0:37   0:12 
Daniel Carr              0  0  0   0  0   0  0  1  0  0  0/0    16:55   1:48   1:40 
Dmitrij Jaskin           1  0  1   2  0   3  1  0  0  0  0/0     6:49   0:00   0:00 
Erik Condra              0  0  0   0  0   1  2  0  0  1  0/0    15:55   1:48   0:54 
Jarred Tinordi           0  0  0  -1  0   0  2  0  0  1  0/0    22:14   2:23   3:55 
Joel Edmundson           0  0  0   2  4   0  0  1  0  0  0/0    20:37   1:28   0:51 
Jonathan Marchessault    0  0  0   0  0   3  2  1  0  0  6/8    15:12   1:48   0:11 
Joseph Blandisi          0  0  0   2  0   0  1  0  0  0  0/0     6:57   0:00   0:08 
Kyle Turris              0  2  2  -1  0   2  1  0  1  1  20/38  22:11   2:40   3:09 
Mark Mancari             1  1  2  -1  0   3  3  0  0  1  0/1    20:18   2:40   0:54 
Martin Frk               0  1  1   0  0   4  0  0  0  0  0/0    12:57   0:00   0:00 
Nick Cousins             1  1  2   2  0   2  1  0  0  0  1/3     9:08   0:00   2:01 
Ryan Murphy              0  1  1   2  0   0  1  1  0  0  0/0    21:24   1:28   2:02 
Steven Kampfer           0  1  1  -2  0   2  2  1  1  1  0/0    26:42   2:38   3:55 
Ville Leino              1  1  2  -1  2   5  2  0  2  0  2/4    21:33   2:40   2:06 
William Karlsson         1  0  1   0  0   2  2  0  1  0  2/5    13:22   0:00   0:51 
Xavier Ouellet           0  0  0   1  0   1  2  1  0  0  0/0    13:28   0:22   0:59 

Players Stats for Griffins

Player Name              G  A  P  +/- PIM S  H  SB GA TA FO     MP     PP MP  PK MP  
------------------------------------------------------------------------------------
Anton Slepyshev          0  0  0   0  2   2  5  0  0  0  0/1    11:38   0:02   0:00 
Ben Hanowski             0  0  0  -1  0   0  1  0  0  0  0/0    16:55   2:43   1:30 
Brendan Woods            0  0  0   0  0   1  1  0  1  0  0/0    11:20   0:00   2:32 
Bryan Young              0  0  0   0  0   2  6  2  1  1  0/0    27:48   3:08   2:20 
Ian McCoshen             0  1  1  -1  0   1  0  1  0  1  0/0    24:25   0:00   0:00 
J.T. Brown               0  0  0   0  2   1  2  0  0  1  1/1    12:31   0:02   0:40 
Jan Mursak               0  1  1   0  0   1  1  0  1  0  5/9    18:54   0:00   2:25 
Mirco Mueller            0  0  0   0  2   1  1  0  0  0  0/0    14:55   0:00   1:26 
Nathan Gerbe             0  0  0  -1  0   5  1  0  0  0  0/0    16:34   3:12   0:43 
Nathan Oystrick          0  0  0   0  0   0  0  0  0  0  0/0     7:06   2:49   1:22 
Nicholas Baptiste        1  0  1   0  0   5  2  0  0  0  0/0     8:57   0:02   0:00 
Petr Pohl                0  1  1   0  0   5  2  0  0  0  1/3    20:46   3:12   1:06 
Petter Granberg          0  0  0   1  0   3  2  2  0  1  0/0    24:06   3:08   0:42 
Quinton Howden           0  0  0   0  0   2  1  1  1  0  0/6    13:47   2:43   0:00 
Robert Dome              1  0  1   0  2   3  0  0  1  0  13/23  19:13   2:43   0:00 
Sean Monahan             0  0  0  -1  0   4  0  0  1  1  4/11   15:51   3:12   0:00 
Ty Wishart               0  0  0  -2  0   1  0  0  0  0  0/0    21:39   2:49   3:06 
Vladislav Namestnikov    0  1  1   0  0   0  0  0  0  0  4/5     9:03   0:00   0:00 

3 Stars

1 - Nick Cousins (Tol)
2 - Marek Mazanek (Tol)
3 - Mark Mancari (Tol)

Power Play

Sewer Rats - 2 on 4 Attempt(s) - 50.00%
Griffins - 0 on 3 Attempt(s) - 0.00%

Penalty Kill

Sewer Rats - 3 on 3 Attempt(s) - 100.00% - Score 0 goal in Penalty Kill
Griffins - 2 on 4 Attempt(s) - 50.00% - Score 0 goal in Penalty Kill

Team Stat

Sewer Rats - Hits : 22 - Faceoff Wins : 31 - Blocked Shots : 9 - Penalty Minutes : 6
Griffins - Hits : 25 - Faceoff Wins : 28 - Blocked Shots : 6 - Penalty Minutes : 8

Official

Referees : Unknown
Linesman : Unknown

Game Notes

Jarred Tinordi is injured at 11:59 of 3rd period (Strained Right Knee)

Finance

Level 1 -- Attendance: 1572 (78.60%) -- Ticket Income $55,020
Level 2 -- Attendance: 784 (78.40%) -- Ticket Income $15,680
Total Attendance: 2356 (78.53%)
Total Ticket Income: $70,700
Other Income: $3,535
Total Income: $74,235

Sewer Rats

5 vs 5 Forward 
   Center                   Left Wing                Right Wing               Time % Phy DF OF 
 1 Kyle Turris              Ville Leino              Mark Mancari             40     1   2  2  
 2 Jonathan Marchessault    Daniel Carr              Erik Condra              30     1   2  2  
 3 William Karlsson         Anthony Duclair          Martin Frk               20     1   2  2  
 4 Nick Cousins             Joseph Blandisi          Dmitrij Jaskin           10     1   2  2  

5 vs 5 Defense 
   Defense                  Defense                                           Time % Phy DF OF 
 1 Steven Kampfer           Jarred Tinordi                                    40     1   2  2  
 2 Joel Edmundson           Ryan Murphy                                       30     1   2  2  
 3 Connor Carrick           Xavier Ouellet                                    20     1   2  2  
 4 Steven Kampfer           Jarred Tinordi                                    10     1   2  2  

PowerPlay Forward 
   Center                   Left Wing                Right Wing               Time % Phy DF OF 
 1 Kyle Turris              Ville Leino              Mark Mancari             60     1   2  2  
 2 Jonathan Marchessault    Daniel Carr              Erik Condra              40     1   2  2  

PowerPlay Defense
   Defense                  Defense                                           Time % Phy DF OF 
 1 Steven Kampfer           Jarred Tinordi                                    60     1   2  2  
 2 Joel Edmundson           Ryan Murphy                                       40     1   2  2  

Penalty Kill 4 Players Forward 
   Center                   Wing                     Time % Phy DF OF 
 1 Ville Leino              Kyle Turris              60     1   2  2  
 2 Mark Mancari             Erik Condra              40     1   2  2  

Penalty Kill 4 Players Defense
   Defense                  Defense                  Time % Phy DF OF 
 1 Steven Kampfer           Jarred Tinordi           60     1   2  2  
 2 Joel Edmundson           Ryan Murphy              40     1   2  2  

Penalty Kill - 3 Players Forward 
   Forward                                           Time % Phy DF OF 
 1 Ville Leino                                       60     1   2  2  
 2 Kyle Turris                                       40     1   2  2  

Penalty Kill - 3 Players Defense
   Defense                  Defense                  Time % Phy DF OF 
 1 Steven Kampfer           Jarred Tinordi           60     1   2  2  
 2 Joel Edmundson           Ryan Murphy              40     1   2  2  

4 vs 4 Forward 
   Center                   Wing                     Time % Phy DF OF 
 1 Ville Leino              Kyle Turris              60     1   2  2  
 2 Mark Mancari             Erik Condra              40     1   2  2  

4 vs 4 Defense
   Defense                  Defense                  Time % Phy DF OF 
 1 Steven Kampfer           Jarred Tinordi           60     1   2  2  
 2 Joel Edmundson           Ryan Murphy              40     1   2  2  

Last Minutes Offensive
   Center                   Left Wing                Right Wing               Defense                  Defense                  
   Kyle Turris              Ville Leino              Mark Mancari             Steven Kampfer           Jarred Tinordi           

Last Minutes Defensive
   Center                   Left Wing                Right Wing               Defense                  Defense                  
   Kyle Turris              Ville Leino              Mark Mancari             Steven Kampfer           Jarred Tinordi           

Goaltenders
Starting : Marek Mazanek            
Backup : Antoine Bibeau           

Extra Forwards
Normal : William Karlsson, Martin Frk, Nick Cousins - PP : William Karlsson, Martin Frk - PK : Nick Cousins
Extra Defensemen
Normal : Connor Carrick, Xavier Ouellet, Joel Edmundson - PP : Connor Carrick - PK : Xavier Ouellet, Joel Edmundson
Penalty Shots
Ville Leino, Kyle Turris, Mark Mancari, Erik Condra, Jonathan Marchessault

Scratches
Vincent Trocheck (Right Wrist Injury), Jonathan Huberdeau (Healthy), Dominik Kubalik (Healthy), Mattias Ekholm (Left Hand Injury), Matt Lashoff (Healthy)
Josh Archibald (Healthy), Jonathan Racine (Healthy), John Ramage (Strained Right Knee Injury), Tyler Motte (Healthy), Chris Calhan (Healthy)
Sergei Kostenko (Healthy)

Griffins

5 vs 5 Forward 
   Center                   Left Wing                Right Wing               Time % Phy DF OF 
 1 Robert Dome              Jan Mursak               Petr Pohl                40     0   2  3  
 2 Sean Monahan             Nathan Gerbe             Ben Hanowski             30     0   2  3  
 3 Quinton Howden           Anton Slepyshev          J.T. Brown               20     0   2  3  
 4 Vladislav Namestnikov    Brendan Woods            Nicholas Baptiste        10     0   2  3  

5 vs 5 Defense 
   Defense                  Defense                                           Time % Phy DF OF 
 1 Petter Granberg          Bryan Young                                       40     0   2  3  
 2 Ian McCoshen             Ty Wishart                                        30     0   3  2  
 3 Ian McCoshen             Mirco Mueller                                     20     0   3  2  
 4 Ian McCoshen             Mirco Mueller                                     10     1   2  2  

PowerPlay Forward 
   Center                   Left Wing                Right Wing               Time % Phy DF OF 
 1 Sean Monahan             Nathan Gerbe             Petr Pohl                60     0   1  4  
 2 Quinton Howden           Robert Dome              Ben Hanowski             40     0   1  4  

PowerPlay Defense
   Defense                  Defense                                           Time % Phy DF OF 
 1 Petter Granberg          Bryan Young                                       60     0   1  4  
 2 Ty Wishart               Nathan Oystrick                                   40     0   1  4  

Penalty Kill 4 Players Forward 
   Center                   Wing                     Time % Phy DF OF 
 1 Jan Mursak               Brendan Woods            60     1   2  2  
 2 Ben Hanowski             J.T. Brown               40     1   2  2  

Penalty Kill 4 Players Defense
   Defense                  Defense                  Time % Phy DF OF 
 1 Bryan Young              Ty Wishart               60     1   2  2  
 2 Nathan Oystrick          Bryan Young              40     1   2  2  

Penalty Kill - 3 Players Forward 
   Forward                                           Time % Phy DF OF 
 1 J.T. Brown                                        60     1   2  2  
 2 Brendan Woods                                     40     1   2  2  

Penalty Kill - 3 Players Defense
   Defense                  Defense                  Time % Phy DF OF 
 1 Bryan Young              Ty Wishart               60     1   2  2  
 2 Nathan Oystrick          Bryan Young              40     1   2  2  

4 vs 4 Forward 
   Center                   Wing                     Time % Phy DF OF 
 1 Sean Monahan             Petr Pohl                60     1   2  2  
 2 Robert Dome              Nathan Gerbe             40     1   2  2  

4 vs 4 Defense
   Defense                  Defense                  Time % Phy DF OF 
 1 Petter Granberg          Ty Wishart               60     1   2  2  
 2 Bryan Young              Ian McCoshen             40     1   2  2  

Last Minutes Offensive
   Center                   Left Wing                Right Wing               Defense                  Defense                  
   Sean Monahan             Nathan Gerbe             Petr Pohl                Nathan Oystrick          Ty Wishart               

Last Minutes Defensive
   Center                   Left Wing                Right Wing               Defense                  Defense                  
   Jan Mursak               Brendan Woods            J.T. Brown               Bryan Young              Nathan Oystrick          

Goaltenders
Starting : Jean-Francois Berube     
Backup : Olivier Roy              

Extra Forwards
Normal : Petr Pohl, Sean Monahan, Nathan Gerbe - PP : J.T. Brown, Anton Slepyshev - PK : Petr Pohl
Extra Defensemen
Normal : Petter Granberg, Bryan Young, Ty Wishart - PP : Ty Wishart - PK : Mirco Mueller, Petter Granberg
Penalty Shots
Nathan Gerbe, Sean Monahan, Ben Hanowski, Robert Dome, Vladislav Namestnikov

Scratches
Garrett Wilson (Healthy), Tanner Kero (Healthy), Greg McKegg (Healthy), Lucas Lessio (Healthy), Tye McGinn (Healthy)
Simon Despres (Separated Right Shoulder Injury), Jerome Gauthier-Leduc (Healthy), Konrad Abeltshauser (Healthy), Tomas Hyka (Healthy), Brian Hart (Healthy)
Jamie Arniel (Strained Right Knee Injury), Marcus Hogberg (Healthy), Matt Tomkins (Healthy)

% Time on Ice - Sewer Rats

Lines # - Real PCT - Wanted PCT - Time Play
Normal Forward
1 - 34% - 40% - 17:02
2 - 27% - 30% - 13:13
3 - 25% - 20% - 12:31
4 - 14% - 10% - 6:49
Normal Defense
1 - 40% - 40% - 19:48
2 - 34% - 30% - 16:53
3 - 21% - 20% - 10:39
4 - 5% - 10% - 2:15
PP Forward
1 - 60% - 60% - 2:40
2 - 40% - 40% - 1:48
PP Defense
1 - 67% - 60% - 3:00
2 - 33% - 40% - 1:28
PK Forward
1 - 85% - 60% - 5:03
2 - 15% - 40% - 0:54
PK Defense
1 - 66% - 60% - 3:55
2 - 34% - 40% - 2:02
PK3 Forward
1 - 0% - 60%
2 - 0% - 40%
PK3 Defense
1 - 0% - 60%
2 - 0% - 40%
44 Forward
1 - 0% - 60%
2 - 0% - 40%
44 Defense
1 - 0% - 60%
2 - 0% - 40%
Last Minute Offensive  - 0:00
Last Minute Defensive  - 0:00
Total
Forward - 60:00
Defense - 60:00

% Time on Ice - Griffins

Lines # - Real PCT - Wanted PCT - Time Play
Normal Forward
1 - 34% - 40% - 16:49
2 - 26% - 30% - 12:42
3 - 23% - 20% - 11:23
4 - 18% - 10% - 8:41
Normal Defense
1 - 42% - 40% - 21:02
2 - 31% - 30% - 15:20
3 - 19% - 20% - 9:33
4 - 7% - 10% - 3:40
PP Forward
1 - 54% - 60% - 3:14
2 - 46% - 40% - 2:43
PP Defense
1 - 53% - 60% - 3:08
2 - 47% - 40% - 2:49
PK Forward
1 - 66% - 60% - 2:58
2 - 34% - 40% - 1:30
PK Defense
1 - 69% - 60% - 3:06
2 - 31% - 40% - 1:22
PK3 Forward
1 - 0% - 60%
2 - 0% - 40%
PK3 Defense
1 - 0% - 60%
2 - 0% - 40%
44 Forward
1 - 0% - 60%
2 - 0% - 40%
44 Defense
1 - 0% - 60%
2 - 0% - 40%
Last Minute Offensive  - 0:00
Last Minute Defensive  - 0:00
Total
Forward - 60:00
Defense - 60:00

Play by Play

1st period


0:01 of 1st period - Kyle Turris wins face-off versus Robert Dome in neutral zone.
0:16 of 1st period - Wrist shot by Mark Mancari.
0:16 of 1st period - Stopped by Jean-Francois Berube with a rebound.
0:26 of 1st period - Jarred Tinordi is hit by Ben Hanowski and loses puck.
0:53 of 1st period - Wrist shot by J.T. Brown.
0:53 of 1st period - Stopped by Marek Mazanek with a rebound.
0:55 of 1st period - Snap shot by Bryan Young.
0:55 of 1st period - Stopped by Marek Mazanek with a rebound.
1:17 of 1st period - Wrist shot by Nick Cousins.
1:17 of 1st period - Stopped by Jean-Francois Berube with a rebound.
1:30 of 1st period - Icing by Ty Wishart.
1:31 of 1st period - Ville Leino wins face-off versus Robert Dome in Griffins zone.
2:05 of 1st period - Erik Condra is hit by Mirco Mueller.
2:21 of 1st period - Snap shot by Vladislav Namestnikov.
2:21 of 1st period - Deflect By Steven Kampfer.
2:21 of 1st period - Shot Misses the Net.
2:21 of 1st period - Puck is out of play.
2:22 of 1st period - Vladislav Namestnikov wins face-off versus William Karlsson in Sewer Rats zone.
2:35 of 1st period - Wrist shot by Martin Frk.
2:35 of 1st period - Shot Misses the Net.
2:37 of 1st period - Wrist shot by William Karlsson.
2:37 of 1st period - Shot Blocked by Petter Granberg.
2:39 of 1st period - Snap shot by William Karlsson.
2:39 of 1st period - Shot Misses the Net.
2:41 of 1st period - Wrist shot by Anthony Duclair.
2:41 of 1st period - Shot Blocked by Petter Granberg.
2:43 of 1st period - Slapshot by Connor Carrick.
2:43 of 1st period - Stopped by Jean-Francois Berube without a rebound.
2:44 of 1st period - Robert Dome wins face-off versus Ville Leino in Griffins zone.
3:05 of 1st period - Minor Penalty to Robert Dome for Tripping.
3:06 of 1st period - Jan Mursak wins face-off versus Kyle Turris in Griffins zone.
3:31 of 1st period - Erik Condra is hit by Bryan Young and loses puck.
3:40 of 1st period - Slapshot by Steven Kampfer.
3:40 of 1st period - Stopped by Jean-Francois Berube with a rebound.
5:05 of 1st period - Penalty to Robert Dome is over, Robert Dome is back on ice.
5:18 of 1st period - Snap shot by J.T. Brown.
5:18 of 1st period - Shot Hit the Post.
5:49 of 1st period - Connor Carrick is hit by J.T. Brown and loses puck.
6:35 of 1st period - J.T. Brown is hit by William Karlsson and loses puck.
7:49 of 1st period - Minor Penalty to J.T. Brown for Slashing.
7:50 of 1st period - Jan Mursak wins face-off versus Kyle Turris in Griffins zone.
9:49 of 1st period - Penalty to J.T. Brown is over, J.T. Brown is back on ice.
10:01 of 1st period - Mirco Mueller is hit by Xavier Ouellet and loses puck.
10:20 of 1st period - Mirco Mueller is hit by Steven Kampfer and loses puck.
11:05 of 1st period - Connor Carrick is hit by Bryan Young and loses puck.
11:10 of 1st period - Slapshot by Brendan Woods.
11:10 of 1st period - Shot Misses the Net.
12:05 of 1st period - Ryan Murphy is hit by Brendan Woods.
12:28 of 1st period - Steven Kampfer is hit by Anton Slepyshev and loses puck.
12:59 of 1st period - Nathan Oystrick is hit by Mark Mancari and loses puck.
13:12 of 1st period - Robert Dome is hit by Xavier Ouellet and loses puck.
14:29 of 1st period - Snap shot by Dmitrij Jaskin.
14:29 of 1st period - Stopped by Jean-Francois Berube without a rebound.
14:30 of 1st period - Nick Cousins wins face-off versus Sean Monahan in Griffins zone.
14:31 of 1st period - Snap shot by Dmitrij Jaskin.
14:31 of 1st period - Stopped by Jean-Francois Berube with a rebound.
14:43 of 1st period - Sean Monahan is hit by Steven Kampfer and loses puck.
15:03 of 1st period - Mark Mancari is hit by Petr Pohl and loses puck.
15:23 of 1st period - Wrist shot by Jonathan Marchessault.
15:23 of 1st period - Stopped by Jean-Francois Berube with a rebound.
15:25 of 1st period - Wrist shot by Daniel Carr.
15:25 of 1st period - Shot Misses the Net.
15:55 of 1st period - Connor Carrick is hit by Bryan Young and loses puck.
16:38 of 1st period - Ian McCoshen is hit by Jonathan Marchessault and loses puck.
16:43 of 1st period - Wrist shot by Jonathan Marchessault.
16:43 of 1st period - Shot Hit the Post.
16:49 of 1st period - Xavier Ouellet is hit by J.T. Brown and loses puck.
17:55 of 1st period - Snap shot by Nick Cousins.
17:55 of 1st period - Goal by Nick Cousins - Sewer Rats : 1 - Griffins : 0.
17:56 of 1st period - Robert Dome wins face-off versus Kyle Turris in neutral zone.
18:28 of 1st period - Snap shot by Nathan Gerbe.
18:28 of 1st period - Stopped by Marek Mazanek with a rebound.
18:48 of 1st period - Snap shot by Anton Slepyshev.
18:48 of 1st period - Stopped by Marek Mazanek without a rebound.
18:49 of 1st period - Kyle Turris wins face-off versus Robert Dome in Sewer Rats zone.
19:38 of 1st period - William Karlsson is hit by Quinton Howden and loses puck.
19:45 of 1st period - Snap shot by Martin Frk.
19:45 of 1st period - Stopped by Jean-Francois Berube without a rebound.
19:46 of 1st period - Kyle Turris wins face-off versus Robert Dome in Griffins zone.
19:57 of 1st period - Snap shot by Ville Leino.
19:57 of 1st period - Stopped by Jean-Francois Berube without a rebound.
19:58 of 1st period - Kyle Turris wins face-off versus Jan Mursak in Griffins zone.
Goals for this period are 1 for Sewer Rats vs 0 for Griffins.
Shots for this period are 10 for Sewer Rats vs 4 for Griffins.

2nd period


0:01 of 2nd period - Robert Dome wins face-off versus Kyle Turris in neutral zone.
0:08 of 2nd period - Snap shot by Petr Pohl.
0:08 of 2nd period - Stopped by Marek Mazanek without a rebound.
0:09 of 2nd period - Kyle Turris wins face-off versus Petr Pohl in Sewer Rats zone.
0:18 of 2nd period - Wrist shot by Ville Leino.
0:18 of 2nd period - Stopped by Jean-Francois Berube without a rebound.
0:19 of 2nd period - Petr Pohl wins face-off versus Kyle Turris in Griffins zone.
0:44 of 2nd period - Ben Hanowski is hit by Erik Condra.
0:45 of 2nd period - Icing by Ben Hanowski.
0:46 of 2nd period - Jonathan Marchessault wins face-off versus Sean Monahan in Griffins zone.
1:13 of 2nd period - Robert Dome is hit by Mark Mancari and loses puck.
1:52 of 2nd period - Minor Penalty to Anton Slepyshev for Tripping.
1:53 of 2nd period - Jan Mursak wins face-off versus Kyle Turris in Griffins zone.
2:07 of 2nd period - Snap shot by Ville Leino.
2:07 of 2nd period - Goal by Ville Leino - Sewer Rats : 2 - Griffins : 0.
2:08 of 2nd period - Kyle Turris wins face-off versus Robert Dome in neutral zone.
2:52 of 2nd period - Off-side.
2:53 of 2nd period - William Karlsson wins face-off versus Anton Slepyshev in neutral zone.
2:58 of 2nd period - Snap shot by Jarred Tinordi.
2:58 of 2nd period - Deflect By Martin Frk.
2:58 of 2nd period - Shot Blocked by Bryan Young.
2:58 of 2nd period - Puck is out of play.
2:59 of 2nd period - Robert Dome wins face-off versus Kyle Turris in Griffins zone.
4:08 of 2nd period - Wrist shot by Robert Dome.
4:08 of 2nd period - Shot Misses the Net.
5:18 of 2nd period - Ian McCoshen is hit by William Karlsson.
5:36 of 2nd period - Wrist shot by Nathan Gerbe.
5:36 of 2nd period - Stopped by Marek Mazanek without a rebound.
5:37 of 2nd period - Jonathan Marchessault wins face-off versus Sean Monahan in Sewer Rats zone.
5:42 of 2nd period - Snap shot by Sean Monahan.
5:42 of 2nd period - Stopped by Marek Mazanek with a rebound.
5:44 of 2nd period - Wrist shot by Nathan Gerbe.
5:44 of 2nd period - Stopped by Marek Mazanek with a rebound.
5:52 of 2nd period - Snap shot by Sean Monahan.
5:52 of 2nd period - Shot Blocked by Daniel Carr.
6:10 of 2nd period - Minor Penalty to Joel Edmundson for High sticking.
6:11 of 2nd period - Ville Leino wins face-off versus Sean Monahan in Sewer Rats zone.
6:36 of 2nd period - Quinton Howden is hit by Ville Leino and loses puck.
7:24 of 2nd period - Icing by Nathan Gerbe.
7:25 of 2nd period - Sean Monahan wins face-off versus Nick Cousins in Griffins zone.
8:10 of 2nd period - Penalty to Joel Edmundson is over, Joel Edmundson is back on ice.
8:40 of 2nd period - Ryan Murphy is hit by Anton Slepyshev and loses puck.
8:59 of 2nd period - Robert Dome is hit by Joseph Blandisi and loses puck.
9:16 of 2nd period - Snap shot by Ville Leino.
9:16 of 2nd period - Shot Misses the Net.
9:18 of 2nd period - Slapshot by Xavier Ouellet.
9:18 of 2nd period - Deflect By Sean Monahan.
9:18 of 2nd period - Stopped by Jean-Francois Berube without a rebound.
9:19 of 2nd period - Kyle Turris wins face-off versus Sean Monahan in Griffins zone.
10:21 of 2nd period - Connor Carrick is hit by Nicholas Baptiste and loses puck.
10:26 of 2nd period - Wrist shot by Nicholas Baptiste.
10:26 of 2nd period - Stopped by Marek Mazanek with a rebound.
10:28 of 2nd period - Snap shot by Ian McCoshen.
10:28 of 2nd period - Shot Blocked by Xavier Ouellet.
10:30 of 2nd period - Slapshot by Mirco Mueller.
10:30 of 2nd period - Deflect By Nicholas Baptiste.
10:30 of 2nd period - Shot Blocked by Connor Carrick.
10:30 of 2nd period - Puck is out of play.
10:31 of 2nd period - Kyle Turris wins face-off versus Sean Monahan in Sewer Rats zone.
10:31 of 2nd period - Kyle Turris is hit by Nathan Gerbe.
10:41 of 2nd period - Icing by Ben Hanowski.
10:42 of 2nd period - Sean Monahan wins face-off versus Kyle Turris in Griffins zone.
10:42 of 2nd period - Sean Monahan is hit by Jarred Tinordi.
10:50 of 2nd period - Slapshot by Mirco Mueller.
10:50 of 2nd period - Shot Misses the Net.
11:08 of 2nd period - Wrist shot by Petr Pohl.
11:08 of 2nd period - Shot Blocked by Jonathan Marchessault.
11:16 of 2nd period - Wrist shot by Robert Dome.
11:16 of 2nd period - Stopped by Marek Mazanek with a rebound.
11:18 of 2nd period - Slapshot by Mirco Mueller.
11:18 of 2nd period - Stopped by Marek Mazanek with a rebound.
11:20 of 2nd period - Slapshot by Bryan Young.
11:20 of 2nd period - Stopped by Marek Mazanek with a rebound.
11:57 of 2nd period - Snap shot by Nicholas Baptiste.
11:57 of 2nd period - Stopped by Marek Mazanek without a rebound.
11:58 of 2nd period - Kyle Turris wins face-off versus Vladislav Namestnikov in Sewer Rats zone.
12:03 of 2nd period - Vladislav Namestnikov is hit by Mark Mancari and loses puck.
12:24 of 2nd period - Nicholas Baptiste is hit by Dmitrij Jaskin and loses puck.
12:48 of 2nd period - Slapshot by Jonathan Marchessault.
12:48 of 2nd period - Stopped by Jean-Francois Berube without a rebound.
12:49 of 2nd period - Robert Dome wins face-off versus Jonathan Marchessault in Griffins zone.
12:49 of 2nd period - Robert Dome is hit by Jonathan Marchessault.
13:12 of 2nd period - Icing by Jan Mursak.
13:13 of 2nd period - Kyle Turris wins face-off versus Robert Dome in Griffins zone.
13:14 of 2nd period - Snap shot by Ville Leino.
13:14 of 2nd period - Stopped by Jean-Francois Berube with a rebound.
13:46 of 2nd period - Snap shot by Sean Monahan.
13:46 of 2nd period - Stopped by Marek Mazanek with a rebound.
13:48 of 2nd period - Snap shot by Nathan Gerbe.
13:48 of 2nd period - Shot Misses the Net.
13:50 of 2nd period - Slapshot by Petter Granberg.
13:50 of 2nd period - Shot Misses the Net.
14:00 of 2nd period - Wrist shot by William Karlsson.
14:00 of 2nd period - Stopped by Jean-Francois Berube without a rebound.
14:01 of 2nd period - William Karlsson wins face-off versus Quinton Howden in Griffins zone.
14:14 of 2nd period - Wrist shot by Martin Frk.
14:14 of 2nd period - Deflect By Anthony Duclair.
14:14 of 2nd period - Shot Misses the Net.
14:14 of 2nd period - Puck is out of play.
14:15 of 2nd period - Kyle Turris wins face-off versus Robert Dome in Griffins zone.
14:16 of 2nd period - Slapshot by Mark Mancari.
14:16 of 2nd period - Shot Blocked by Ian McCoshen.
14:20 of 2nd period - Snap shot by Kyle Turris.
14:20 of 2nd period - Shot Misses the Net.
14:22 of 2nd period - Snap shot by Kyle Turris.
14:22 of 2nd period - Stopped by Jean-Francois Berube with a rebound.
14:37 of 2nd period - Petr Pohl is hit by Ryan Murphy and loses puck.
15:39 of 2nd period - Off-side.
15:40 of 2nd period - Robert Dome wins face-off versus Kyle Turris in neutral zone.
15:51 of 2nd period - Icing by Mark Mancari.
15:52 of 2nd period - Jan Mursak wins face-off versus Mark Mancari in Sewer Rats zone.
16:01 of 2nd period - Slapshot by Robert Dome.
16:01 of 2nd period - Goal by Robert Dome - Sewer Rats : 2 - Griffins : 1.
16:02 of 2nd period - Jan Mursak wins face-off versus Kyle Turris in neutral zone.
16:05 of 2nd period - Steven Kampfer is hit by Petr Pohl and loses puck.
16:33 of 2nd period - Jonathan Marchessault is hit by Bryan Young and loses puck.
17:18 of 2nd period - Slapshot by Dmitrij Jaskin.
17:18 of 2nd period - Goal by Dmitrij Jaskin - Sewer Rats : 3 - Griffins : 1.
17:19 of 2nd period - Robert Dome wins face-off versus Kyle Turris in neutral zone.
18:08 of 2nd period - Wrist shot by Anton Slepyshev.
18:08 of 2nd period - Stopped by Marek Mazanek with a rebound.
18:10 of 2nd period - Slapshot by Ian McCoshen.
18:10 of 2nd period - Stopped by Marek Mazanek with a rebound.
18:12 of 2nd period - Slapshot by Quinton Howden.
18:12 of 2nd period - Shot Blocked by Ryan Murphy.
18:44 of 2nd period - Jarred Tinordi is hit by Bryan Young and loses puck.
18:57 of 2nd period - Bryan Young is hit by Nick Cousins.
19:31 of 2nd period - Quinton Howden is hit by Kyle Turris and loses puck.
19:36 of 2nd period - Snap shot by Kyle Turris.
19:36 of 2nd period - Shot Blocked by Quinton Howden.
19:38 of 2nd period - Wrist shot by Ville Leino.
19:38 of 2nd period - Shot Misses the Net.
19:53 of 2nd period - Slapshot by Connor Carrick.
19:53 of 2nd period - Deflect By Martin Frk.
19:53 of 2nd period - Stopped by Jean-Francois Berube with a rebound.
19:55 of 2nd period - Snap shot by William Karlsson.
19:55 of 2nd period - Goal by William Karlsson - Sewer Rats : 4 - Griffins : 1.
19:56 of 2nd period - Robert Dome wins face-off versus Kyle Turris in neutral zone.
Goals for this period are 3 for Sewer Rats vs 1 for Griffins.
Shots for this period are 10 for Sewer Rats vs 13 for Griffins.

3rd period


0:01 of 3rd period - Kyle Turris wins face-off versus Robert Dome in neutral zone.
0:16 of 3rd period - Slapshot by Ville Leino.
0:16 of 3rd period - Stopped by Jean-Francois Berube with a rebound.
1:11 of 3rd period - Off-side.
1:12 of 3rd period - Vladislav Namestnikov wins face-off versus William Karlsson in neutral zone.
1:39 of 3rd period - Wrist shot by Petr Pohl.
1:39 of 3rd period - Stopped by Marek Mazanek without a rebound.
1:40 of 3rd period - Kyle Turris wins face-off versus Robert Dome in Sewer Rats zone.
2:27 of 3rd period - Ben Hanowski is hit by Erik Condra.
2:57 of 3rd period - Snap shot by Ville Leino.
2:57 of 3rd period - Deflect By Kyle Turris.
2:57 of 3rd period - Shot Misses the Net.
2:57 of 3rd period - Puck is out of play.
2:58 of 3rd period - Kyle Turris wins face-off versus Quinton Howden in Griffins zone.
2:58 of 3rd period - Minor Penalty to Ville Leino for Holding.
2:59 of 3rd period - Kyle Turris wins face-off versus Sean Monahan in Sewer Rats zone.
3:34 of 3rd period - Snap shot by Ben Hanowski.
3:34 of 3rd period - Shot Blocked by Joel Edmundson.
4:58 of 3rd period - Penalty to Ville Leino is over, Ville Leino is back on ice.
5:17 of 3rd period - Ville Leino is hit by Petter Granberg and loses puck.
5:31 of 3rd period - Connor Carrick is hit by Anton Slepyshev and loses puck.
5:53 of 3rd period - Off-side.
5:54 of 3rd period - Robert Dome wins face-off versus Nick Cousins in neutral zone.
6:27 of 3rd period - Minor Penalty to Joel Edmundson for Holding.
6:28 of 3rd period - Sean Monahan wins face-off versus Ville Leino in Sewer Rats zone.
6:29 of 3rd period - Snap shot by Nathan Gerbe.
6:29 of 3rd period - Shot Misses the Net.
7:01 of 3rd period - Wrist shot by Robert Dome.
7:01 of 3rd period - Shot Misses the Net.
7:03 of 3rd period - Slapshot by Petter Granberg.
7:03 of 3rd period - Shot Misses the Net.
7:05 of 3rd period - Wrist shot by Petter Granberg.
7:05 of 3rd period - Stopped by Marek Mazanek with a rebound.
7:19 of 3rd period - Petr Pohl is hit by Ville Leino and loses puck.
7:57 of 3rd period - Jarred Tinordi is hit by Petter Granberg and loses puck.
8:08 of 3rd period - Petr Pohl is hit by Jarred Tinordi and loses puck.
8:27 of 3rd period - Penalty to Joel Edmundson is over, Joel Edmundson is back on ice.
8:35 of 3rd period - Connor Carrick is hit by Nicholas Baptiste and loses puck.
8:40 of 3rd period - Slapshot by Nicholas Baptiste.
8:40 of 3rd period - Stopped by Marek Mazanek without a rebound.
8:41 of 3rd period - Vladislav Namestnikov wins face-off versus William Karlsson in Sewer Rats zone.
8:50 of 3rd period - Backhand shot by Brendan Woods.
8:50 of 3rd period - Stopped by Marek Mazanek with a rebound.
9:06 of 3rd period - Wrist shot by Nicholas Baptiste.
9:06 of 3rd period - Stopped by Marek Mazanek without a rebound.
9:07 of 3rd period - Jonathan Marchessault wins face-off versus Quinton Howden in Sewer Rats zone.
9:32 of 3rd period - Ryan Murphy is hit by Jan Mursak and loses puck.
9:43 of 3rd period - Wrist shot by Petr Pohl.
9:43 of 3rd period - Stopped by Marek Mazanek with a rebound.
10:00 of 3rd period - Wrist shot by Martin Frk.
10:00 of 3rd period - Stopped by Jean-Francois Berube with a rebound.
10:02 of 3rd period - Backhand shot by Martin Frk.
10:02 of 3rd period - Stopped by Jean-Francois Berube with a rebound.
10:57 of 3rd period - Snap shot by Petr Pohl.
10:57 of 3rd period - Stopped by Marek Mazanek with a rebound.
11:25 of 3rd period - Wrist shot by Nathan Gerbe.
11:25 of 3rd period - Stopped by Marek Mazanek with a rebound.
11:27 of 3rd period - Slapshot by Ian McCoshen.
11:27 of 3rd period - Shot Misses the Net.
11:29 of 3rd period - Snap shot by Nathan Gerbe.
11:29 of 3rd period - Shot Blocked by Connor Carrick.
11:31 of 3rd period - Slapshot by Ty Wishart.
11:31 of 3rd period - Stopped by Marek Mazanek without a rebound.
11:32 of 3rd period - Jonathan Marchessault wins face-off versus Quinton Howden in Sewer Rats zone.
11:32 of 3rd period - Jonathan Marchessault is hit by Anton Slepyshev.
11:58 of 3rd period - Jarred Tinordi is hit by Bryan Young and loses puck.
11:59 of 3rd period - Jarred Tinordi from Sewer Rats is injured at 11:59 of 3rd period (Strained Right Knee).
12:00 of 3rd period - Robert Dome wins face-off versus Kyle Turris in Sewer Rats zone.
12:03 of 3rd period - Snap shot by Petr Pohl.
12:03 of 3rd period - Shot Blocked by Steven Kampfer.
12:05 of 3rd period - Slapshot by Petter Granberg.
12:05 of 3rd period - Stopped by Marek Mazanek with a rebound.
12:09 of 3rd period - Snap shot by Petr Pohl.
12:09 of 3rd period - Stopped by Marek Mazanek with a rebound.
12:11 of 3rd period - Slapshot by Petter Granberg.
12:11 of 3rd period - Shot Misses the Net.
12:13 of 3rd period - Snap shot by Robert Dome.
12:13 of 3rd period - Shot Misses the Net.
12:15 of 3rd period - Snap shot by Jan Mursak.
12:15 of 3rd period - Deflect By Connor Carrick.
12:15 of 3rd period - Shot Misses the Net.
12:15 of 3rd period - Puck is out of play.
12:16 of 3rd period - Sean Monahan wins face-off versus Jonathan Marchessault in Sewer Rats zone.
12:31 of 3rd period - Snap shot by Nathan Gerbe.
12:31 of 3rd period - Stopped by Marek Mazanek without a rebound.
12:32 of 3rd period - Kyle Turris wins face-off versus Petr Pohl in Sewer Rats zone.
12:47 of 3rd period - Snap shot by Petr Pohl.
12:47 of 3rd period - Shot Misses the Net.
13:04 of 3rd period - Snap shot by Sean Monahan.
13:04 of 3rd period - Stopped by Marek Mazanek with a rebound.
13:06 of 3rd period - Snap shot by Sean Monahan.
13:06 of 3rd period - Stopped by Marek Mazanek with a rebound.
13:16 of 3rd period - Snap shot by Vladislav Namestnikov.
13:16 of 3rd period - Shot Misses the Net.
13:18 of 3rd period - Wrist shot by Ian McCoshen.
13:18 of 3rd period - Deflect By Nicholas Baptiste.
13:18 of 3rd period - Goal by Nicholas Baptiste - Sewer Rats : 4 - Griffins : 2.
13:19 of 3rd period - Robert Dome wins face-off versus Kyle Turris in neutral zone.
13:24 of 3rd period - Snap shot by Petr Pohl.
13:24 of 3rd period - Shot Misses the Net.
13:28 of 3rd period - Backhand shot by Petr Pohl.
13:28 of 3rd period - Deflect By Jan Mursak.
13:28 of 3rd period - Stopped by Marek Mazanek with a rebound.
13:30 of 3rd period - Snap shot by Petter Granberg.
13:30 of 3rd period - Stopped by Marek Mazanek with a rebound.
14:06 of 3rd period - Steven Kampfer is hit by Anton Slepyshev and loses puck.
14:58 of 3rd period - Snap shot by Brendan Woods.
14:58 of 3rd period - Shot Misses the Net.
15:19 of 3rd period - Snap shot by Jonathan Marchessault.
15:19 of 3rd period - Stopped by Jean-Francois Berube without a rebound.
15:20 of 3rd period - Kyle Turris wins face-off versus Quinton Howden in Griffins zone.
15:25 of 3rd period - Snap shot by Quinton Howden.
15:25 of 3rd period - Stopped by Marek Mazanek without a rebound.
15:26 of 3rd period - Kyle Turris wins face-off versus Quinton Howden in Sewer Rats zone.
16:01 of 3rd period - Snap shot by Quinton Howden.
16:01 of 3rd period - Stopped by Marek Mazanek without a rebound.
16:02 of 3rd period - Jonathan Marchessault wins face-off versus Robert Dome in Sewer Rats zone.
16:09 of 3rd period - Wrist shot by Robert Dome.
16:09 of 3rd period - Stopped by Marek Mazanek without a rebound.
16:10 of 3rd period - Jonathan Marchessault wins face-off versus Jan Mursak in Sewer Rats zone.
17:23 of 3rd period - Snap shot by Jan Mursak.
17:23 of 3rd period - Shot Hit the Post.
17:41 of 3rd period - Icing by Steven Kampfer.
17:42 of 3rd period - Vladislav Namestnikov wins face-off versus Kyle Turris in Sewer Rats zone.
17:45 of 3rd period - Wrist shot by Brendan Woods.
17:45 of 3rd period - Shot Misses the Net.
17:50 of 3rd period - Off-side.
17:51 of 3rd period - J.T. Brown wins face-off versus Kyle Turris in neutral zone.
17:53 of 3rd period - Minor Penalty to Mirco Mueller for Interference.
17:54 of 3rd period - Kyle Turris wins face-off versus Jan Mursak in Griffins zone.
17:56 of 3rd period - Snap shot by Ville Leino.
17:56 of 3rd period - Shot Misses the Net.
17:58 of 3rd period - Snap shot by Kyle Turris.
17:58 of 3rd period - Stopped by Jean-Francois Berube with a rebound.
18:00 of 3rd period - Slapshot by Steven Kampfer.
18:00 of 3rd period - Stopped by Jean-Francois Berube with a rebound.
18:02 of 3rd period - Snap shot by Mark Mancari.
18:02 of 3rd period - Stopped by Jean-Francois Berube without a rebound.
18:03 of 3rd period - Kyle Turris wins face-off versus Jan Mursak in Griffins zone.
18:06 of 3rd period - Snap shot by Ville Leino.
18:06 of 3rd period - Shot Misses the Net.
18:08 of 3rd period - Snap shot by Mark Mancari.
18:08 of 3rd period - Goal by Mark Mancari - Sewer Rats : 5 - Griffins : 2.
18:09 of 3rd period - Robert Dome wins face-off versus Kyle Turris in neutral zone.
18:18 of 3rd period - Wrist shot by Ville Leino.
18:18 of 3rd period - Shot Misses the Net.
18:43 of 3rd period - Snap shot by Jonathan Marchessault.
18:43 of 3rd period - Deflect By Erik Condra.
18:43 of 3rd period - Stopped by Jean-Francois Berube without a rebound.
18:44 of 3rd period - Robert Dome wins face-off versus Kyle Turris in Griffins zone.
18:49 of 3rd period - Slapshot by Ty Wishart.
18:49 of 3rd period - Shot Misses the Net.
19:16 of 3rd period - Snap shot by Sean Monahan.
19:16 of 3rd period - Shot Blocked by Connor Carrick.
19:18 of 3rd period - Slapshot by Ty Wishart.
19:18 of 3rd period - Shot Misses the Net.
19:28 of 3rd period - Slapshot by Steven Kampfer.
19:28 of 3rd period - Shot Blocked by Bryan Young.
Goals for this period are 1 for Sewer Rats vs 1 for Griffins.
Shots for this period are 9 for Sewer Rats vs 20 for Griffins.